 Dungeon Crawl Stone Soup version 0.28-a0-655-g4eb62b627b (webtiles) character file.

Game seed: 4609000182902230138

153 AlleluiaPinecone the Sneak (level 5, -2/19 (26) HPs)
             Began as a Vine Stalker Brigand on Oct 12, 2021.
             Was an Initiate of Okawaru.
             Slain by a necrophage (3 damage)
             ... on level 4 of the Dungeon.
             The game lasted 00:06:29 (2515 turns).

AlleluiaPinecone the Sneak (Vine Stalker Brigand)   Turns: 2515, Time: 00:06:29

HP:   -2/19 (26)    AC:  3    Str: 13    XL:     5   Next: 35%
MP:   0/6           EV: 12    Int: 11    God:    Okawaru [......]
Gold: 135           SH:  0    Dex: 17    Spells: 4/4 levels left

rFire   . . .      SeeInvis .   a - +2 dagger (drain)
rCold   . . .      Faith    .   (no shield)
rNeg    . . .      Spirit   +   b - +0 robe
rPois   .          Reflect  .   (no helmet)
rElec   .          Harm     .   c - +0 cloak
rCorr   .          Rampage  .   (no gloves)
Will    .....                   (no boots)
Stlth   ++++......              (no amulet)
HPRegen 1.06/turn               (no ring)
MPRegen 0.10/turn               (no ring)

@: very heavily drained
A: fangs 2, regeneration 1, magic shield, antimagic bite, no potion heal 2
a: Renounce Religion


You were on level 4 of the Dungeon.
You worshipped Okawaru.
Okawaru was noncommittal.
You visited 1 branch of the dungeon, and saw 4 of its levels.

You collected 135 gold pieces.

Inventory:

Hand Weapons
 a - a +2 dagger of draining (weapon)
Missiles
 h - 70 arrows
 j - 13 sling bullets
Armour
 b - a +0 robe (worn)
 c - a +0 cloak (worn)
Scrolls
 i - a scroll of fear {unknown}
 k - 3 scrolls of teleportation
Potions
 f - a potion of curing
 g - a potion of lignification


   Skills:
 + Level 2.2 Fighting
 + Level 2.6 Short Blades
 + Level 2.2 Throwing
 + Level 1.4 Dodging
 + Level 6.7 Stealth


You had 4 spell levels left.
You didn't know any spells.
Your spell library contained the following spells:

 Spells                   Type           Power      Damage    Failure   Level
 Apportation              Tloc           0%         N/A       34%         1
 Ozocubu's Armour         Ice            0%         N/A       71%         3
 Alistair's Intoxication  Tmut/Pois      0%         N/A       100%        5
 Metabolic Englaciation   Hex/Ice        0%         N/A       100%        5
 Invisibility             Hex            0%         N/A       100%        6
 Simulacrum               Ice/Necr       Unusable   N/A       N/A         6

Dungeon Overview and Level Annotations

Branches:
Dungeon (4/15)
 Temple: D:4-7

Altars:
Okawaru


Innate Abilities, Weirdness & Mutations

You have extremely sharp teeth.
Your natural rate of healing is unusually fast.
When hurt, damage is shared between your health and your magic reserves.
Your bite disrupts and absorbs the magic of your enemies.
Potions cannot restore your health.


Message History

The necrophage hits you.
You feel drained.
You closely miss the necrophage. Your bite misses the necrophage.
The necrophage is severely damaged.
The necrophage hits you.
You feel drained.
You hit the necrophage.
You bite the necrophage, but do no damage.
The necrophage is almost destroyed.
The necrophage hits you.
You feel drained.
You are too injured to fight recklessly!
You are too injured to fight recklessly!
You are too injured to fight recklessly!
You are too injured to fight recklessly!
You are too injured to fight recklessly!
You are too injured to fight recklessly!
You are too injured to fight recklessly!
You are too injured to fight recklessly!
You are too injured to fight recklessly!
You are too injured to fight recklessly!
You are too injured to fight recklessly!
You are too injured to fight recklessly!
You are too injured to fight recklessly!
You are too injured to fight recklessly!
You are too injured to fight recklessly!
You are too injured to fight recklessly!
You are too injured to fight recklessly!
You are too injured to fight recklessly!
You are too injured to fight recklessly!
You are too injured to fight recklessly!
You are too injured to fight recklessly!
You barely miss the necrophage.
You bite the necrophage, but do no damage.
The necrophage is almost destroyed.
The necrophage hits you.
* * * LOW HITPOINT WARNING * * *
You closely miss the necrophage.
The necrophage is almost destroyed.
The necrophage hits you!
* * * LOW HITPOINT WARNING * * *
You feel drained.
You die...

#..........#.#'#######
####.#######....# #.#
#....####### #.#
#..........# #.#
#.#........# #+#
#.#........#
#.#.######## ..#.# #@#
#n# .(. ..... ..(...#
.......# ........#
#?..((...#


You could see a necrophage.

Vanquished Creatures
  An orc wizard (D:3)
  4 adders
  A dart slug (D:2)
  6 orcs (D:3)
  5 ball pythons
  4 bats (D:1)
  9 endoplasms
  2 giant cockroaches
  7 goblins
  7 hobgoblins
  10 jackals
  4 kobolds
  4 quokkas
  4 frilled lizards
  5 rats
73 creatures vanquished.

Notes
Turn   | Place    | Note
-------+----------+-------------------------------------------
     0 | D:1      | AlleluiaPinecone the Vine Stalker Brigand began the quest
                  | for the Orb.
     0 | D:1      | Reached XP level 1. HP: 11/11 MP: 2/2
   142 | D:1      | Reached skill level 5 in Stealth
   208 | D:1      | Reached XP level 2. HP: 12/15 MP: 3/3
   644 | D:1      | Reached XP level 3. HP: 18/18 MP: 4/4
  1177 | D:2      | Reached skill level 6 in Stealth
  1305 | D:2      | Gained mutation: Your natural rate of healing is unusually
                  | fast. [Vine Stalker growth]
  1305 | D:2      | Reached XP level 4. HP: 23/23 MP: 5/5
  1542 | D:2      | Reached skill level 1 in Dodging
  2019 | D:3      | Reached XP level 5. HP: 22/26 MP: 4/6
  2046 | D:3      | Found a faded altar of an unknown god.
  2292 | D:3      | Found an iron altar of Okawaru.
  2322 | D:3      | Became a worshipper of Warmaster Okawaru
  2491 | D:4      | Noticed a necrophage
  2515 | D:4      | HP: 1/21 [necrophage (6)]
  2515 | D:4      | Slain by a necrophage

Illustrated notes

Levels and vault maps discovered:
D:1:      minmay_arrival_three_doors, layout_loops_cross
D:2:      layout_rooms, kennysheep_generic_room_8
D:3:      layout_rooms, okawaru_altar_gauntlet_db,
          ebering_ecumenical_altar_petrified
D:4:      layout_basic, minmay_temple_entry_stoned_glass

Skill      XL: |  1  2  3  4 |
---------------+-------------+-----
Throwing       | 2 |  2.2
Stealth        | 5 6 |  6.7
Short Blades   | 2 |  2.6
Fighting       | 2 |  2.2
Dodging        | 1 |  1.4

Action                   |  1- 3 |  4- 6 || total
-------------------------+-------+-------++-------
Melee: Dagger            |    79 |    88 ||   167
       Bite              |     8 |    20 ||    28
Throw: Dart              |       |    10 ||    10
  Use: Potion            |       |     4 ||     4
       Scroll            |       |     1 ||     1
 Stab: Sleeping          |    16 |     1 ||    17
Armor: Robe              |    23 |    22 ||    45
Dodge: Dodged            |    34 |    47 ||    81

Table legend: (Time is in decaauts)
 A = Elapsed time spent in this place.
 B = Non-inter-level travel time spent in this place.
 C = Inter-level travel time spent in this place.
 D = Time resting spent in this place.
 E = Time spent auto-exploring this place.
 F = Levels seen in this place.
 G = Mean time per level.
                   A        B        C        D        E       F      G
               +--------+--------+--------+--------+--------+-----+--------+
         Total |   2494 |   2427 |     67 |    218 |   1698 |   4 |  623.5 |
       Dungeon |   2494 |   2427 |     67 |    218 |   1698 |   4 |  623.5 |
               +--------+--------+--------+--------+--------+-----+--------+

Top non-repeatable levels by time:
     D:1: 1037 daAuts
     D:2: 764 daAuts
     D:3: 598 daAuts
     D:4: 93 daAuts
